 Dungeon Crawl Stone Soup version 0.23-a0-444-g76343ca (webtiles) character file.

3515 Dfrag the Arsonist (level 10, -12/75 HPs)
             Began as a Naga Fire Elementalist on Nov 16, 2018.
             Was a Believer of Makhleb.
             Mangled by a two-headed ogre
             ... wielding a +0 giant club
              (32 damage)
             ... on level 8 of the Dungeon.
             The game lasted 00:18:48 (6121 turns).

Dfrag the Arsonist (Naga Fire Elementalist)         Turns: 6121, Time: 00:18:49

Health: -12/75     AC:  9    Str: 11    XL:     10   Next: 8%
Magic:  0/21       EV:  8    Int: 19    God:    Makhleb [**....]
Gold:   521        SH:  0    Dex: 11    Spells: 11/24 levels left

rFire    . . .     SeeInvis +   f - +2 dagger (elec)
rCold    . . .     Gourm    +   (no shield)
rNeg     . . .     Faith    .   a - +0 robe
rPois    +         Spirit   .   p - +0 helmet
rElec    .         Reflect  .   (no cloak)
rCorr    +         Harm     .   (no gloves)
MR       +....                  y - +0 naga barding {Fly}
Stlth    ++........             q - amulet of the gourmand
HPRegen  0.22/turn              n - ring of resist corrosion
MPRegen  0.17/turn              (no ring)

@: flying, very slow
A: large, see invisible, deformed body, poison resistance, slowness 2, slow
metabolism 1, spit poison 1, AC +3
a: Spit Poison, Minor Destruction, Renounce Religion, Stop Flying


You were on level 8 of the Dungeon.
You worshipped Makhleb.
Makhleb was pleased with you.
You were very full.

You visited 2 branches of the dungeon, and saw 9 of its levels.

You collected 521 gold pieces.

Inventory:

Hand Weapons
 f - a +2 dagger of electrocution (weapon)
 s - a +2 mace of crushing
Armour
 a - a +0 robe (worn)
 p - a +0 helmet (worn)
 y - a +0 naga barding of flying (worn)
Jewellery
 n - a ring of resist corrosion (left hand)
 q - an amulet of the gourmand (around neck)
Wands
 g - a wand of iceblast (25)
 u - a wand of flame (8)
 w - a wand of polymorph (8)
 A - a wand of random effects (20)
 B - a wand of acid (7)
Scrolls
 d - 3 scrolls of teleportation
 e - 2 scrolls of immolation {unknown}
 h - 3 scrolls of enchant weapon {unknown}
 i - 6 scrolls of identify {unknown}
 k - 7 scrolls of remove curse {unknown}
 m - 2 scrolls of magic mapping {unknown}
 o - 2 scrolls of blinking {unknown}
 r - 2 scrolls of fog {unknown}
 D - a scroll of summoning {unknown}
 F - a scroll of amnesia {unknown}
Potions
 b - a potion of berserk rage {unknown}
 j - 4 potions of curing {unknown}
 l - 3 potions of flight {unknown}
 t - a potion of invisibility {unknown}
 v - a potion of cancellation {unknown}
 x - a potion of magic {unknown}
 z - a potion of might
 C - a potion of lignification {unknown}
Comestibles
 c - 18 rations


   Skills:
 - Level 1.5 Dodging
 - Level 3.0 Stealth
 + Level 7.7 Spellcasting
 + Level 8.1 Conjurations
 + Level 8.8 Fire Magic


You had 11 spell levels left.
You knew the following spells:

 Your Spells              Type           Power        Failure   Level  Hunger
a - Flame Tongue          Conj/Fire      #####        1%          1    None
b - Conjure Flame         Conj/Fire      #####...     1%          3    #......
c - Sticky Flame          Conj/Fire      #####...     2%          4    ###....
d - Fireball              Conj/Fire      #####.....   8%          5    #####..

Your spell library contained the following spells:

 Spells                   Type           Power        Failure   Level  Hunger
 Throw Flame              Conj/Fire      #####.       1%          2    None
 Throw Frost              Conj/Ice       ###...       2%          2    None
 Inner Flame              Hex/Fire       ###.....     4%          3    #......
 Beastly Appendage        Tmut           #.....       10%         1    None
 Confusing Touch          Hex            #.....       10%         1    None
 Freeze                   Ice            #...         10%         1    None
 Sticks to Snakes         Tmut           #.......     14%         2    None
 Throw Icicle             Conj/Ice       ###.....     17%         4    ###....
 Confuse                  Hex            #.......     28%         3    #......
 Gell's Gravitas          Tloc           #.........   28%         3    #......
 Ozocubu's Armour         Chrm/Ice       #.......     28%         3    #......
 Spider Form              Tmut/Pois      #.........   28%         3    #......
 Ice Form                 Ice/Tmut       #.......     67%         4    ###....
 Petrify                  Tmut/Erth      #.......     67%         4    ###....
 Summon Ice Beast         Ice/Summ       #.......     67%         4    ###....
 Blade Hands              Tmut           #.........   95%         5    #####..
 Metabolic Englaciation   Hex/Ice        #.........   95%         5    #####..
 Yara's Violent Unravell  Hex/Tmut       #.........   95%         5    #####..


Dungeon Overview and Level Annotations

Branches:
Dungeon (8/15)             Temple (1/1) D:4
   Lair: D:8-11

Altars:
Ashenzari
Fedhas
Hepliaklqana
Kikubaaqudgha
Makhleb
Nemelex Xobeh
Qazlal
Trog
Vehumet
Wu Jian
Yredelemnul

Annotations:
D:4 1 runed door, sl00ts's ghost, amateur OgBe


Innate Abilities, Weirdness & Mutations

You cannot wear boots.
Your serpentine skin is tough. (AC +3)
You have supernaturally acute eyesight. (SInv)
Armour fits poorly on your strangely shaped body.
Your system is resistant to poisons. (rPois)
You cover ground very slowly.
You have a slow metabolism.
You can spit poison.


Message History

Unknown command.
Casting: Sticky Flame (safe; 2% risk of failure)
Confirm with . or Enter, or press ? or * to list all spells.
Aiming: Sticky Flame (safe; 2% risk of failure)
Press: ? - help, Shift-Dir - straight line, f/p - two-headed ogre
Aim: a two-headed ogre, wielding a +0 giant club and a +0 giant spiked club
Okay, then.
Okay, then.
Evoke which item? (* to show all) (? for menu, Esc to quit)
Okay, then.
Casting: Sticky Flame (safe; 2% risk of failure)
Confirm with . or Enter, or press ? or * to list all spells.
Aiming: Sticky Flame (safe; 2% risk of failure)
Press: ? - help, Shift-Dir - straight line, f/p - two-headed ogre
Aim: a two-headed ogre, wielding a +0 giant club and a +0 giant spiked club The sticky flame hits the two-headed ogre.
The two-headed ogre is severely wounded.
The two-headed ogre burns!
The two-headed ogre hits you with a +0 giant club!!
You die...

########+#.#.#####
#..........#.....###
#..........#..)>o..#
#..........#.#......F
#.....<....#.#.......
####.....#.#)#.......
#.....#.#[#...S...
#.....#.#o#....O..
#.....#@#O#.......
#.....#O#.#.......
#.....#F..#
#....)#####


You could see a two-headed ogre (burning) and a bullfrog.

Vanquished Creatures
  Eustachio (D:6)
  A hungry ghost (D:6)
  Duvessa (D:5)
  An orc warrior (D:8)
  2 sky beasts
  3 black bears
  4 ice beasts
  3 ogres (D:7)
  A phantom (D:7)
  A centaur (D:5)
  3 bullfrogs (D:7)
  Dowan (D:5)
  2 scorpions (D:7)
  9 wights
  A howler monkey (D:5)
  2 crimson imps
  3 jellies
  A bullfrog zombie (D:6)
  2 centaur zombies (D:7)
  2 hounds (D:5)
  2 orc priests (D:5)
  2 iguanas
  Ijyb (D:5)
  9 orc wizards
  2 worker ants
  A mummy (D:7)
  8 gnolls
  12 adders
  A shadow imp (D:7)
  An ooze (D:1)
  2 adder skeletons
  An adder zombie (D:7)
  2 worms (D:3)
  2 dart slugs
  3 leopard geckos
  25 orcs
  10 giant cockroaches
  12 goblins
  4 hobgoblins
  4 jackals (D:1)
  2 quokkas
  3 bats
  3 frilled lizards
  A jackal zombie (D:6)
  11 kobolds
  6 rats
174 creatures vanquished.

Vanquished Creatures (others)
  A withered plant (D:4)
1 creature vanquished.

Grand Total: 175 creatures vanquished

Notes
Turn   | Place    | Note
-------+----------+-------------------------------------------
     0 | D:1      | Dfrag the Naga Fire Elementalist began the quest for the
                  | Orb.
     0 | D:1      | Reached XP level 1. HP: 15/15 MP: 3/3
    90 | D:1      | Reached XP level 2. HP: 14/22 MP: 0/5
   502 | D:1      | Reached XP level 3. HP: 19/28 MP: 3/6
   872 | D:2      | Reached XP level 4. HP: 34/36 MP: 8/8
   914 | D:2      | Learned a level 3 spell: Conjure Flame
   919 | D:2      | Learned a level 4 spell: Sticky Flame
  1377 | D:3      | Reached XP level 5. HP: 31/42 MP: 1/9
  1701 | D:4      | Found a sparkling altar of Nemelex Xobeh.
  1731 | D:4      | Found a staircase to the Ecumenical Temple.
  1806 | Temple   | Entered the Ecumenical Temple
  1868 | Temple   | Became a worshipper of Makhleb the Destroyer
  2091 | D:4      | Found a runed door.
  2091 | D:4      | Noticed sl00ts's ghost (amateur OgBe)
  2285 | D:4      | Found a radiant altar of Vehumet.
  2347 | D:5      | Entered Level 5 of the Dungeon
  2368 | D:5      | Noticed a centaur
  2386 | D:5      | Noticed Dowan
  2392 | D:5      | Reached XP level 6. HP: 41/49 MP: 11/11
  2403 | D:5      | Noticed Duvessa
  2451 | D:5      | Noticed an ice beast
  2759 | D:6      | Noticed a black bear
  2772 | D:6      | Killed a black bear
  2787 | D:6      | Reached skill level 5 in Fire Magic
  2797 | D:6      | Learned a level 5 spell: Fireball
  2858 | D:6      | Reached XP level 7. HP: 55/55 MP: 7/13
  2977 | D:6      | Noticed a hungry ghost
  3293 | D:6      | Found a shattered altar of Ashenzari.
  3294 | D:6      | Found a basalt altar of Yredelemnul.
  3312 | D:6      | Noticed Eustachio
  3326 | D:6      | Killed Eustachio
  3351 | D:6      | Reached * piety under Makhleb
  3547 | D:6      | Killed a hungry ghost
  3547 | D:6      | Reached skill level 5 in Spellcasting
  3547 | D:6      | Reached skill level 5 in Conjurations
  3547 | D:6      | Reached XP level 8. HP: 61/62 MP: 2/15
  3757 | D:5      | Found an ancient bone altar of Kikubaaqudgha.
  4108 | D:5      | Reached XP level 9. HP: 43/68 MP: 1/18
  4231 | D:5      | Reached ** piety under Makhleb
  4260 | D:5      | Killed Dowan
  4265 | D:5      | Noticed Ijyb
  4325 | D:5      | Killed Ijyb
  4358 | D:5      | Killed Duvessa
  5326 | D:7      | Found a bloodstained altar of Trog.
  5718 | D:7      | Found a stormy altar of Qazlal.
  5761 | D:7      | Reached XP level 10. HP: 61/75 MP: 16/21
  6093 | D:8      | Noticed a two-headed ogre
  6121 | D:8      | Mangled by a two-headed ogre

Vault maps used:
D:1:      dpeg_arrival_renting, serial_bayou_lake_a
D:3:      first_ration
D:4:      vehumet_altar_wand_db, nemelex_xobeh_ov_fountains_minmay,
          temple_doors_e, gammafunk_ghost_grave, dk_noncrumbling_2
D:5:      nicolae_overflow_crystal_walls, uniq_ijyb, uniq_duvessa
D:6:      grunt_temple_overflow_open, kennysheep_diamond,
          hangedman_abyss_or_decor_stabs, corexii_corridor_pit,
          minmay_door_square, uniq_eustachio
D:7:      grunt_qazlal_clouds, trog_ov_bears_minmay, serial_undead,
          serial_undead_f, serial_undead_b, serial_undead_d, serial_undead_f,
          kennysheep_decorative_pillar, grunt_ogre_cave, minmay_diced_spiral
D:8:      slow_altar_2, lemuel_coloured_pillars_altar,
          kennysheep_opposing_triangles
Temple:   nicolae_temple_figure_eight

Skill      XL: |  1  2  3  4  5  6  7  8  9 |
---------------+----------------------------+-----
Conjurations   | 2 3 4 5 6 8 |  8.1
Spellcasting   | 3 4 5 6 7 |  7.7
Fire Magic     | 4 5 6 7 8 |  8.8
Dodging        | |  1.5
Stealth        | |  3.0

Action                   |  1- 3 |  4- 6 |  7- 9 | 10-12 || total
-------------------------+-------+-------+-------+-------++-------
Melee: Unarmed           |    21 |       |       |       ||    21
       Dagger            |       |    46 |   144 |     9 ||   199
 Cast: Flame Tongue      |    37 |    73 |   107 |     6 ||   223
       Sticky Flame      |       |     3 |    24 |     8 ||    35
       Conjure Flame     |       |     3 |     1 |       ||     4
       Fireball          |       |       |     9 |     1 ||    10
 Abil: Spit Poison       |    22 |    11 |     8 |       ||    41
Evoke: Wand              |       |       |     4 |       ||     4
  Use: Potion            |       |     3 |       |       ||     3
       Scroll            |       |     2 |     1 |       ||     3
 Stab: Sleeping          |       |     3 |       |       ||     3
  Eat: Chunk             |     1 |    16 |    20 |     1 ||    38
Armor: Robe              |     8 |    29 |    83 |     7 ||   127
Dodge: Dodged            |    34 |    59 |    89 |     8 ||   190

Table legend:
 A = Non-vault XP
 B = Vault XP
 C = Vault XP percentage of total XP
 D = Non-vault monster count
 E = Vault monster count
 F = Vault count percentage of total count
                 A         B        C        D         E       F
            +---------+---------+-------+---------+---------+-------
      Total |    3661 |    1361 |  27.1 |     156 |      18 |  10.3
            +---------+---------+-------+---------+---------+-------
        D:1 |      50 |       0 |   0.0 |      26 |       0 |   0.0
        D:2 |      75 |       0 |   0.0 |      21 |       0 |   0.0
        D:3 |      61 |       0 |   0.0 |      16 |       0 |   0.0
        D:4 |      94 |       2 |   2.1 |       9 |       1 |  10.0
        D:5 |    1494 |     241 |  13.9 |      43 |       3 |   6.5
        D:6 |     676 |     253 |  27.2 |       8 |       2 |  20.0
        D:7 |    1033 |     865 |  45.6 |      29 |      12 |  29.3
        D:8 |     178 |       0 |   0.0 |       4 |       0 |   0.0
            +---------+---------+-------+---------+---------+-------
